Map: Odyssey LE

Players

Yata

  • Race: Zerg Zerg
  • League: Platinum
  • Spawn Location: 11:00

freddy - Winner!

  • Race: Terran Terran
  • League: Platinum
  • Spawn Location: 5:00

VOD

Have the link to the VOD?

Description

Time

  • Played on: Sept. 21, 2017, 4:41 p.m.
  • Length: 10:51
Show
View Real Time Build Order
Export as new Build Order

Yata Zerg 

Build Orders: Hatch First 

Get SALT Encoding   

  12  0:03  Drone  
  13  0:12  Overlord  
  13  0:23  Drone  
  14  0:31  Drone x2  
  14  0:35  Drone  
  17  0:55  Hatchery  
  17  0:56  Drone  
  17  1:01  Drone  
  18  1:10  Extractor  
  17  1:16  Spawning Pool  
  17  1:18  Drone  
  17  1:22  Drone  
  18  1:29  Drone  
  19  1:40  Overlord  
  19  1:51  Drone  
  20  2:02  Queen  
  20  2:07  Queen  
  20  2:08  Zergling x4  
  26  2:14  Metabolic Boost  
  26  2:17  Drone  
  26  2:18  Evolution Chamber  
  26  2:21  Drone  
  27  2:28  Drone  
  28  2:38  Drone x2  
  28  2:39  Overlord  
  30  2:46  Drone  
  30  2:48  Baneling Nest  
  30  2:51  Overlord  
  30  3:07  Drone x3  
  33  3:15  Drone x6  
  33  3:18  Drone  
  40  3:23  Pneumatized Carapace  
  40  3:42  Drone  
  40  3:46  Zergling x2  
  42  3:53  Baneling x2  
  42  3:54  Baneling  
  42  3:55  Hatchery  
  41  3:56  Baneling  
  41  4:05  Spore Crawler  
  41  4:06  Spore Crawler, Queen  
  41  4:28  Zergling x6  
  41  4:29  Zergling x4  
  44  4:34  Overlord x4  
  44  4:52  Zerg Melee Weapons Level 1  
  44  4:59  Extractor, Drone x3  
  46  5:00  Drone  
  46  5:01  Drone  
  46  5:03  Drone  
  46  5:04  Drone  
  50  5:07  Drone x3  
  50  5:08  Drone x4  
  57  5:21  Lair  
  57  5:25  Zergling x6  
  60  5:28  Queen  
  60  5:30  Queen  
  60  5:33  Spore Crawler  
  60  5:34  Drone x2  
  60  5:35  Drone x3  
  69  5:42  Zergling x2  
  69  5:43  Zergling x12  
  69  5:46  Baneling x3  
  75  6:19  Hydralisk Den  
  75  6:21  Hatchery  
  72  6:33  Zergling x16  
  72  6:34  Zergling x2  
  72  6:37  Baneling x4  
  81  6:43  Overlord x4  
  81  6:44  Overlord x3  
  70  6:59  Zergling x2  
  70  7:00  Zergling x12  
  64  7:10  Zergling x14  
  54  7:25  Baneling x4  
  54  7:26  Baneling  
  53  7:33  Zergling x10  
  37  7:56  Zergling x18  
  37  7:57  Zergling x2  
  42  8:10  Zerg Melee Weapons Level 2  
  42  8:12  Muscular Augments, Hydralisk  
  41  8:13  Hydralisk  
  47  8:26  Queen  
  43  8:31  Hydralisk x2  
  43  8:32  Hydralisk x2  
  51  8:51  Drone x8  
  59  8:57  Hatchery  
  58  9:03  Drone x3  
  61  9:12  Drone  
  61  9:13  Drone x7  
  69  9:19  Hydralisk x2  
  69  9:21  Queen  
  69  9:24  Queen  
  71  9:50  Zergling x10  
  71  9:51  Zergling x14  
  70  9:58  Zergling x2  
  70  9:59  Zergling x4  
  71  10:13  Baneling  
  71  10:14  Baneling x3  
  68  10:15  Zergling x10  
  73  10:22  Drone x2  
  73  10:23  Drone  
Show
View Real Time Build Order
Export as new Build Order

freddy Terran - Winner!

Build Orders:  

Get SALT Encoding   

  12  0:01  SCV  
  13  0:13  SCV  
  14  0:21  Supply Depot  
  14  0:25  SCV  
  15  0:43  SCV  
  15  0:45  Barracks  
  15  0:48  Refinery  
  16  1:05  SCV  
  17  1:17  SCV  
  18  1:26  Barracks  
  18  1:36  Orbital Command  
  18  1:41  Barracks Reactor  
  18  1:55  Command Center  
  18  2:02  SCV  
  19  2:14  SCV, Barracks Tech Lab  
  19  2:15  Supply Depot  
  20  2:17  Marine  
  21  2:28  SCV  
  21  2:29  Marine  
  23  2:39  Factory, Refinery  
  23  2:40  Marine  
  23  2:43  Marine  
  25  2:48  SCV  
  26  2:59  Marine x2  
  26  3:00  SCV  
  29  3:12  Supply Depot  
  29  3:14  Orbital Command  
  29  3:17  Marine  
  30  3:20  SCV  
  30  3:24  Factory Tech Lab  
  31  3:30  Marine, Orbital Command  
  31  3:31  Marine  
  31  3:33  SCV  
  34  3:47  Marine, SCV  
  36  3:50  Siege Tank  
  36  3:52  Stimpack  
  39  3:59  SCV  
  40  4:08  Starport  
  40  4:11  Engineering Bay  
  40  4:12  SCV  
  40  4:13  SCV  
  40  4:15  Marine  
  40  4:17  Marine  
  43  4:18  Marine  
  45  4:30  Supply Depot  
  37  4:31  SCV x2  
  38  4:40  Terran Infantry Weapons Level 1  
  38  4:43  SCV  
  38  4:44  Siege Tank  
  42  4:47  Starport Reactor  
  42  4:49  SCV  
  43  4:53  Marine  
  43  4:54  Marine x2  
  46  5:00  SCV  
  46  5:06  SCV  
  48  5:15  Supply Depot, SCV  
  48  5:16  Marine x3  
  48  5:18  SCV  
  53  5:24  Medivac x2  
  57  5:29  SCV  
  57  5:30  SCV  
  57  5:34  Hellion  
  57  5:35  Marine  
  62  5:37  Marine x2  
  64  5:43  SCV  
  64  5:44  SCV  
  64  5:45  Supply Depot  
  66  5:53  Marine  
  66  5:54  Marine x2  
  69  6:14  Liberator  
  69  6:16  Marine x3  
  69  6:17  SCV x2  
  74  6:20  Siege Tank  
  74  6:24  Supply Depot  
  77  6:30  Supply Depot  
  78  6:33  Supply Depot  
  78  6:45  Marine  
  78  6:54  Marine  
  78  6:55  Marine  
  76  7:02  Siege Tank  
  76  7:03  Marine, SCV x2  
  82  7:12  Marine x2  
  82  7:15  SCV x2  
  85  7:21  Marine  
  87  7:27  SCV x2  
  89  7:30  Marine  
  89  7:32  Liberator  
  90  7:39  SCV  
  90  7:43  Marine x2  
  93  7:48  Liberator, Siege Tank, Marine  
  100  7:56  Orbital Command  
  85  8:02  Orbital Command  
  85  8:03  Marine x2  
  87  8:06  Marine  
  87  8:11  Barracks  
  87  8:12  Refinery  
  88  8:16  Barracks  
  88  8:18  Refinery  
  88  8:21  Marine  
  86  8:44  Liberator x2  
  86  8:54  Marine x3  
  89  8:58  SCV x2  
  97  9:10  SCV x2  
  97  9:12  Marine x2  
  101  9:20  Marine  
  102  9:27  Marine x2  
  102  9:29  Marine x2  
  102  9:30  Supply Depot x2, Command Center  
  106  9:37  Marine  
  107  9:42  Liberator  
  107  9:45  Marine  
  98  9:57  Marine x4  
  98  9:59  Siege Tank  
  105  10:02  Marine  
  108  10:14  Marine  
  108  10:15  Marine x3  
  108  10:20  Marine  
  113  10:32  Marine x2  
  113  10:33  Marine x2  
Tags
 
Matchup
TvZ
Replay Pack
Pack 1
Spawn Locations
Cross Positions
Add a new tag
Caveats
  • Supply blocks, unpowered buildings, or Contaminate may cause inaccurate times.
  • Supply counts are checked every 10 seconds.